 Dungeon Crawl Stone Soup version 0.29-a0-909-g30c7767f5c (webtiles) character file.

Game seed: 11665128409869580658

4239 Malachi the Slicer (level 10, 0/73 HPs)
             Began as a Vampire Brigand on July 25, 2022.
             Was a Believer of Kikubaaqudgha.
             Slain by a centaur
             ... wielding a +0 halberd
              (3 damage)
             ... in a bailey.
             The game lasted 00:16:28 (8013 turns).

Malachi the Slicer (Vampire Brigand)                Turns: 8013, Time: 00:16:29

Health: 0/73       AC:  5    Str: 14    XL:     10   Next: 9%
Magic:  0/10       EV: 11    Int: 13    God:    Kikubaaqudgha [**....]
Gold:   535        SH:  0    Dex: 19    Spells: 9/9 levels left

rFire   . . .      SeeInvis +   n - +9 rapier of Muitaebuge {freeze, Will++}
rCold   . . .      Faith    .   (no shield)
rNeg    . . .      Spirit   +   i - +0 leather armour
rPois   +          Reflect  .   (no helmet)
rElec   .          Harm     .   c - +0 cloak
rCorr   .          Rampage  .   (no gloves)
Will    +++..                   h - +0 pair of boots
Stlth   ++........              m - amulet of guardian spirit
HPRegen 0.42/turn               (no ring)
MPRegen 0.12/turn               (no ring)

@: about to teleport, healing quickly, hasted, studying Throwing, slow
A: alive, fangs 3, see invisible, vampiric 2, passive freeze, poison resistance,
strong 1, MP-powered wands
a: Exsanguinate, Renounce Religion, Unearth Wretches


You were in a bailey.
You worshipped Kikubaaqudgha.
Kikubaaqudgha was pleased with you.
You visited 2 branches of the dungeon, and saw 9 of its levels.
You also visited: Bailey.

You collected 535 gold pieces.

Inventory:

Hand Weapons
 a - a +2 dagger
 g - a +3 dagger of venom
 n - the +9 rapier of Muitaebuge (weapon) {freeze, Will++}
   (You acquired it on level 4 of the Dungeon)

   It freezes those it strikes, dealing additional cold damage.
   It can also slow down cold-blooded creatures.
   Will:      It greatly increases your willpower.
 A - a +0 vorpal double sword
Missiles
 w - a throwing net (quivered)
Armour
 c - a +0 cloak (worn)
 h - a +0 pair of boots (worn)
 i - a +0 leather armour (worn)
 y - a +0 pair of gloves
Jewellery
 m - an amulet of guardian spirit (around neck)
Wands
 s - a wand of digging (3)
Scrolls
 f - 4 scrolls of teleportation
 k - a scroll of magic mapping
 q - 2 scrolls of enchant armour
Potions
 b - a potion of attraction
 o - a potion of magic
 p - a potion of mutation
 r - 2 potions of haste
 v - a potion of curing


   Skills:
 + Level 4.9 Fighting
 - Level 14.0 Short Blades
 - Level 1.5 Throwing
 - Level 1.1 Dodging
 + Level 9.8 Stealth


You had 9 spell levels left.
You didn't know any spells.
Your spell library contained the following spells:

 Spells                   Type           Power      Damage    Failure   Level
 Magic Dart               Conj           0%         1d3       36%         1
 Necrotise                Necr           0%         1d4       36%         1
 Summon Small Mammal      Summ           0%         N/A       36%         1
 Call Imp                 Summ           0%         N/A       52%         2
 Ensorcelled Hibernation  Hex/Ice        0%         N/A       52%         2
 Sublimation of Blood     Necr           0%         N/A       52%         2
 Call Canine Familiar     Summ           0%         N/A       75%         3
 Frozen Ramparts          Ice            0%         1d2       75%         3
 Mephitic Cloud           Conj/Pois/Air  0%         N/A       75%         3
 Spider Form              Tmut/Pois      0%         N/A       75%         3
 Summon Guardian Golem    Hex/Summ       0%         N/A       75%         3
 Vampiric Draining        Necr           0%         2d6       75%         3
 Anguish                  Hex/Necr       0%         N/A       98%         4
 Animate Dead             Necr           0%         N/A       98%         4
 Corpse Rot               Necr/Pois/Air  0%         N/A       98%         4
 Dispel Undead            Necr           0%         3d6       98%         4
 Ice Form                 Ice/Tmut       0%         N/A       98%         4
 Summon Ice Beast         Ice/Summ       0%         N/A       98%         4
 Death Channel            Necr           0%         N/A       100%        6


Dungeon Overview and Level Annotations

Branches:
Dungeon (8/15)             Temple (1/1) D:5          Bailey (1/1)
   Lair: D:8-11

Altars:
Ashenzari
Dithmenos
Gozag
Hepliaklqana
Kikubaaqudgha
Makhleb
Nemelex Xobeh
Qazlal
Sif Muna
Trog
Uskayaw
Vehumet
Wu Jian
Xom
Yredelemnul

Shops:
D:2 (   D:5 (   D:7 (

Annotations:
D:4 3 runed translucent doors, exclusion: 3 doors, Iidacon's ghost, amateur GnWn; Uilleam's ghost, amateur TrBe; scienide's ghost, amateur KoBr


Innate Abilities, Weirdness & Mutations

Your natural rate of healing is accelerated.
You have razor-sharp teeth.
You have supernaturally acute eyesight. (SInv)
You are afflicted with vampirism and can become a bat while bloodless.
A frigid envelope surrounds you and freezes all who hurt you.
Your system is resistant to poisons. (rPois)
Your muscles are strong. (Str +4, Int/Dex -1)
You expend magic power (3 MP) to strengthen your wands.


Message History

Items here: )) [[.
Things that are here:
a +0 trident; a +0 chain mail
Okay, then.
Okay, then.
The orc shouts!
The orc warrior shouts!
The centaur shouts!
You hear a shout!
Why would you want to do that?
The centaur throws a javelin.
The javelin closely misses you. Why would you want to do that?
Why would you want to do that?
The centaur shouts!
The centaur throws a javelin.
The javelin pierces through you!
The centaur throws a javelin.
The javelin pierces through you.
Okay, then.
You feel yourself speed up.
The centaur throws a javelin.
The javelin pierces through you!
You enter the shallow water.
Moving in this stuff is going to be slow.
The centaur throws a javelin.
The javelin completely misses you.
The centaur throws a javelin.
The javelin closely misses you. Why would you want to do that?
The centaur throws a javelin.
The javelin completely misses you.
The centaur hits you from afar with a +0 halberd!
The centaur throws a javelin.
The javelin barely misses you.
The centaur throws a javelin.
The javelin pierces through you!
The orc warrior hits you from afar with a +0 halberd!
The centaur throws a javelin.
The javelin pierces through you!
The centaur hits you but does no damage.
As you read the scroll of teleportation, it crumbles to dust.
You feel strangely unstable. The centaur barely misses you.
The centaur throws a javelin.
The javelin barely misses you.
The orc warrior hits you from afar with a +0 halberd.
The centaur throws a javelin.
The javelin pierces through you!
* * * LOW HITPOINT WARNING * * *
The orc warrior hits you from afar with a +0 halberd!
* * * LOW HITPOINT WARNING * * *
The centaur hits you from afar with a +0 halberd.
You die...
Kikubaaqudgha rasps: "You have failed me!
Welcome... death!"

.###≈≈≈≈≈≈≈≈.......≈≈≈≈≈
..#≈≈≈≈≈≈≈..≈≈≈≈≈≈≈..≈≈≈≈
..#≈≈≈≈≈..≈≈≈.....≈≈≈o.≈≈≈≈
..#≈≈≈≈.≈≈≈.........≈≈≈.≈≈≈≈#
..#≈≈≈≈.≈.............≈.≈≈≈≈#
..#≈≈≈.≈≈.⌠.....)...⌠.≈≈.≈≈≈#
..#≈≈≈)≈...............≈.≈≈≈#
..#≈≈.≈≈....≈≈≈≈≈≈≈....≈≈.≈≈#
..#####...≈≈≈≈≈≈@≈≈≈≈...≈.≈≈#
..'......≈≈≈≈≈≈≈≈≈≈≈≈≈..≈.≈≈#
..').....≈≈≈)≈(oc≈≈≈≈≈....≈≈#
..)).....≈≈≈(≈≈≈≈≈≈≈≈≈..≈.≈≈#
))#####...≈≈≈≈≈≈≈≈≈≈≈...≈.≈≈#
.)#≈≈.≈≈....≈≈≈≈≈≈≈....≈≈.≈≈#
..#≈≈≈.≈...............≈c≈≈≈#
..#≈≈≈.≈≈.⌠.........⌠.≈≈o≈≈≈#
..#≈≈≈≈.≈.............≈.≈≈≈≈#


You could see 2 orc warriors and a centaur.

Vanquished Creatures
  Joseph (D:7)
  A steam dragon (D:7)
  12 orc warriors
  A black bear (D:6)
  9 centaurs
  An ogre (D:5)
  3 phantoms
  A kobold brigand (D:7)
  2 bullfrogs
  A necrophage (D:8)
  4 scorpions
  3 electric eels
  A howler monkey (D:6)
  A jelly (D:7)
  2 gnoll boudas (D:7)
  3 orc priests
  4 hounds
  Ijyb (D:4)
  Jessica (D:2)
  3 iguanas (D:4)
  4 orc wizards
  13 gnolls
  12 adders
  A shadow imp (D:7)
  A white imp (D:6)
  A worm (D:5)
  4 dart slugs
  48 orcs
  2 bats
  6 endoplasms
  3 giant cockroaches
  14 goblins
  9 hobgoblins
  5 jackals (D:1)
  9 kobolds
  2 quokkas (D:4)
  3 training dummies (D:7)
  6 ball pythons
  3 frilled lizards
  A rat (D:1)
202 creatures vanquished.

Vanquished Creatures (others)
  An orc (D:6)
  22 plants
  4 withered plants (D:4)
27 creatures vanquished.

Grand Total: 229 creatures vanquished

Notes
Turn   | Place    | Note
-------+----------+-------------------------------------------
     0 | D:1      | Malachi the Vampire Brigand began the quest for the Orb.
     0 | D:1      | Reached XP level 1. HP: 16/16 MP: 1/1
   147 | D:1      | Reached skill level 3 in Short Blades
   147 | D:1      | Reached XP level 2. HP: 22/22 MP: 2/2
   636 | D:1      | Gained mutation: You are afflicted with vampirism and can
                  | become a bat while bloodless. [Vampire growth]
   636 | D:1      | Reached XP level 3. HP: 27/27 MP: 3/3
   724 | D:1      | Reached skill level 4 in Short Blades
  1068 | D:2      | Noticed Jessica
  1076 | D:2      | Killed Jessica
  1077 | D:2      | Reached XP level 4. HP: 32/33 MP: 4/4
  1126 | D:2      | Reached skill level 5 in Short Blades
  1193 | D:2      | Found Saaca's Weapon Boutique.
  1258 | D:3      | Found an ornate altar of the Wu Jian Council.
  1292 | D:3      | Identified the +11 dagger of Thoughtfulness {freeze, rCorr
                  | Str-5 Dex+8}
  2010 | D:4      | Identified a scroll of acquirement
  2013 | D:4      | Acquired the +9 rapier of Muitaebuge {freeze, Will++}
  2118 | D:4      | Reached XP level 5. HP: 30/30 MP: 5/5
  2122 | D:4      | Reached skill level 6 in Short Blades
  2239 | D:4      | Found a runed translucent gate.
  2240 | D:4      | Found a runed translucent gate.
  2259 | D:4      | Found a runed translucent gate.
  2261 | D:4      | Noticed Iidacon's ghost (amateur GnWn)
  2261 | D:4      | Noticed scienide's ghost (amateur KoBr)
  2261 | D:4      | Noticed Uilleam's ghost (amateur TrBe)
  2573 | D:4      | Noticed Ijyb
  2584 | D:4      | Killed Ijyb
  2717 | D:4      | Gained mutation: Your muscles are strong. (Str +4, Int/Dex
                  | -1) [potion of mutation]
  2717 | D:4      | Gained mutation: Your system is resistant to poisons.
                  | (rPois) [potion of mutation]
  2717 | D:4      | Gained mutation: A frigid envelope surrounds you and
                  | freezes all who hurt you. [potion of mutation]
  2717 | D:4      | Gained mutation: You expend magic power (3 MP) to
                  | strengthen your wands. [potion of mutation]
  2940 | D:4      | Reached skill level 7 in Short Blades
  2942 | D:4      | Reached XP level 6. HP: 39/39 MP: 6/6
  3105 | D:5      | Entered Level 5 of the Dungeon
  3178 | D:5      | Reached skill level 8 in Short Blades
  3190 | D:5      | Noticed an orc warrior
  3246 | D:5      | Reached XP level 7. HP: 44/44 MP: 7/7
  3369 | D:5      | Reached skill level 9 in Short Blades
  3462 | D:5      | Found a staircase to the Ecumenical Temple.
  3470 | Temple   | Entered the Ecumenical Temple
  3492 | Temple   | Became a worshipper of Kikubaaqudgha
  3540 | D:5      | Found a bloodstained altar of Trog.
  3849 | D:5      | Reached skill level 10 in Short Blades
  3880 | D:5      | Found Pireut's Antique Weapon Boutique.
  4154 | D:6      | Reached XP level 8. HP: 54/55 MP: 8/8
  4292 | D:6      | Reached * piety under Kikubaaqudgha
  4292 | D:6      | Received a gift from Kikubaaqudgha
  4557 | D:6      | Reached skill level 11 in Short Blades
  4641 | D:6      | HP: 2/55 [electric eel/bolt of electricity (10)]
  5155 | D:6      | Reached skill level 12 in Short Blades
  5191 | D:7      | Found Ihila's Firing Range.
  5534 | D:7      | Reached XP level 9. HP: 55/61 MP: 9/9
  5643 | D:7      | Noticed Joseph
  5646 | D:7      | Killed Joseph
  5647 | D:7      | Reached skill level 13 in Short Blades
  5743 | D:7      | Reached ** piety under Kikubaaqudgha
  6259 | D:8      | Reached skill level 14 in Short Blades
  6417 | D:8      | Found a flagged portal.
  6448 | Bailey   | Entered a bailey
  7356 | Bailey   | Reached XP level 10. HP: 57/73 MP: 6/10
  8013 | Bailey   | HP: 3/73 [orc warrior/+0 halberd (13)]
  8013 | Bailey   | Slain by a centaur

Illustrated notes

Levels and vault maps discovered:
D:1:      roderic_octagonal_star, layout_basic
D:2:      layout_rooms, serial_shops, nicolae_shop_bloodbath_and_beyond,
          uniq_jessica
D:3:      layout_basic, nicolae_wu_jian_wuxing_cycle, chequers_mini_garden
D:4:      kennysheep_the_goblin_king, layout_loops_ring,
          gammafunk_ghost_cemetery, minmay_quantized
D:5:      layout_basic, bloody_trog, minmay_temple_entry_arrows,
          chequers_arboretum, nicolae_take_the_stairs, guppyfry_early_orc_mine
D:6:      layout_basic, serial_bayou_ford_a
D:7:      layout_loops_ring, serial_bayou_lagoon_a,
          amcnicky_mini_rare_corridor_liquid, nicolae_shop_firing_range,
          uniq_joseph
D:8:      layout_gridville, enter_bailey_6, uniq_grum
Temple:   hellmonk_temple_two_chambers
Bailey:   bailey_polearm_flooded_kennysheep, bailey

Skill      XL: |  1  2  3  4  5  6  7  8  9 |
---------------+----------------------------+-----
Short Blades   | 3 4 5 7 8 10 12 14 | 14.0
Fighting       | 4 |  4.9
Stealth        | 9 |  9.8
Throwing       | |  1.5
Dodging        | |  1.1

Action                   |  1- 3 |  4- 6 |  7- 9 | 10-12 || total
-------------------------+-------+-------+-------+-------++-------
Melee: Dagger            |    87 |    33 |       |       ||   120
       Bite              |    15 |     5 |    23 |       ||    43
       Rapier            |       |    52 |   245 |     2 ||   299
       Punch             |       |       |     1 |       ||     1
Throw: Dart              |       |       |       |    23 ||    23
 Abil: Exsanguinate      |       |     1 |       |       ||     1
       Revivify          |       |     1 |       |       ||     1
Evoke: Wand              |       |       |     8 |       ||     8
  Use: Scroll            |       |    13 |     7 |     1 ||    21
       Potion            |       |     1 |     3 |     2 ||     6
 Stab: Sleeping          |     7 |    16 |    12 |       ||    35
       Distracted        |       |     3 |     2 |       ||     5
Armor: Robe              |    16 |       |       |       ||    16
       Leather armour    |    10 |    25 |    34 |     2 ||    71
Dodge: Dodged            |    65 |    34 |    99 |    21 ||   219

Table legend: (Time is in decaauts)
 A = Elapsed time spent in this place.
 B = Non-inter-level travel time spent in this place.
 C = Inter-level travel time spent in this place.
 D = Time resting spent in this place.
 E = Time spent auto-exploring this place.
 F = Levels seen in this place.
 G = Mean time per level.
                   A        B        C        D        E       F      G
               +--------+--------+--------+--------+--------+-----+--------+
         Total |   7903 |   7617 |    286 |   1385 |   4358 |  10 |  790.3 |
       Dungeon |   6326 |   6054 |    272 |    607 |   4309 |   8 |  790.8 |
        Temple |     28 |     14 |     14 |      0 |     10 |   1 |   28.0 |
        Bailey |   1548 |   1548 |      0 |    778 |     39 |   1 | 1548.0 |
               +--------+--------+--------+--------+--------+-----+--------+

Top non-repeatable levels by time:
  Bailey: 1548 daAuts
     D:4: 1092 daAuts
     D:6: 1087 daAuts
     D:7: 1058 daAuts
     D:5: 916 daAuts
     D:1: 856 daAuts
     D:3: 770 daAuts
     D:2: 353 daAuts
     D:8: 190 daAuts
  Temple: 28 daAuts
